 Dungeon Crawl Stone Soup version 0.29-a0-304-gb34f9e133a (webtiles) character file.

Game seed: 3126055318888214282

193 wakim the Skirmisher (level 5, -10/46 HPs)
             Began as a Palentonga Fighter on Mar 26, 2022.
             Mangled by a hornet (14 damage)
             ... while paralysed by a hornet
             ... on level 4 of the Dungeon.
             The game lasted 00:09:59 (3651 turns).

wakim the Skirmisher (Palentonga Fighter)           Turns: 3651, Time: 00:10:00

Health: -10/46     AC:  6    Str: 21    XL:     5   Next: 44%
Magic:  14/14      EV:  1    Int:  8    God:
Gold:   119        SH:  0    Dex: 10    Spells: 4/4 levels left

rFire   . . .      SeeInvis +   a - +0 flail
rCold   . . .      Faith    .   c - +0 buckler
rNeg    . . .      Spirit   .   Y - +0 scale mail
rPois   .          Reflect  .   (no helmet)
rElec   .          Harm     .   (no cloak)
rCorr   .          Rampage  .   (no gloves)
Will    .....                   (no barding)
Stlth   ..........              (no amulet)
HPRegen 0.15/turn               U - ring of magical power
MPRegen 0.14/turn               (no ring)

@: paralysed, mighty, lethally poisoned (-10 -> -23), slowed
A: large, rugged brown scales 3, see invisible, deformed body, roll 1, armoured
tail
a: Rolling Charge


You were on level 4 of the Dungeon.
You visited 1 branch of the dungeon, and saw 4 of its levels.

You collected 218 gold pieces.
You spent 99 gold pieces at shops.

Inventory:

Hand Weapons
 a - a +0 flail (weapon)
 b - a +0 hand crossbow of flaming
Missiles
 X - 2 boomerangs
Armour
 c - a +0 buckler (worn)
 Y - a +0 scale mail (worn)
Jewellery
 U - a ring of magical power (left hand)
Wands
 x - a wand of iceblast (5)
Scrolls
 r - 2 scrolls of identify
 T - 2 scrolls of teleportation
 V - a scroll of vulnerability {!r!r}
Potions
 B - a potion of attraction {!q}
 F - a potion of curing
 G - a potion of flight
 M - 2 potions of mutation {!q}
 N - a potion of might


   Skills:
 + Level 4.4 Fighting
 * Level 3.8 Maces & Flails
 - Level 2.5 Armour
 - Level 0.5 Dodging
 - Level 3.0 Shields
 + Level 0.3 Evocations


You had 4 spell levels left.
You didn't know any spells.
Your spell library contained the following spells:

 Spells                   Type           Power      Damage    Failure   Level
 Animate Skeleton         Necr           0%         N/A       83%         1
 Pain                     Necr           0%         1d4       83%         1
 Summon Small Mammal      Summ           0%         N/A       83%         1
 Call Canine Familiar     Summ           0%         N/A       99%         3
 Summon Guardian Golem    Hex/Summ       0%         N/A       99%         3
 Vampiric Draining        Necr           0%         2d6       99%         3


Dungeon Overview and Level Annotations

Branches:
Dungeon (4/15)
 Temple: D:4-7

Altars:

Shops:
D:3 (:[


Innate Abilities, Weirdness & Mutations

You are completely covered in rugged brown scales. (AC +3, +7% HP)
You have supernaturally acute eyesight. (SInv)
Armour fits poorly on your strangely shaped body.
You can roll at nearby foes to attack.
You have a long armoured tail.


Message History

You barely miss the quokka.
Your tail-slap misses the quokka.
The quokka is almost dead.
The quokka bites you but does no damage.
You hit the quokka but do no damage.
Your tail-slap misses the quokka.
The quokka is almost dead.
You block the quokka's attack.
The quokka bites you but does no damage.
You hit the quokka.
You kill the quokka!
No target in view!
You see here a quokka corpse.
A quokka comes into view.
You thump the quokka!
You kill the quokka!
No target in view!
You see here a quokka corpse.
A hornet comes into view.
Unknown command.
The hornet buzzes angrily.
You feel very mighty all of a sudden.
You roll forward with a clatter of scales!
You miss the hornet.
Your tail-slap misses the hornet.
The hornet stings you!
You feel yourself slow down.
You block the hornet's attack. 32/46 (-14)
You sock the hornet!
The hornet is moderately wounded.
You block the hornet's attack. The hornet stings you.
You suddenly lose the ability to move!
The hornet stings you!
* * * LOW HITPOINT WARNING * * *
You are poisoned.
You feel as though you will be slow longer.
You feel sick. The hornet stings you.
* * * LOW HITPOINT WARNING * * *
You are lethally poisoned!
You feel as though you will be slow longer.
* * * LOW HITPOINT WARNING * * *
You feel very sick. The hornet stings you!
You die...

. ....... .y
..##.# .... #.##.#
....###.##.###.###
.................#
.#y.....##.###.###
#..###.##.#
#.#..###.##.#
#....y@..##.#
..##......##.#
+..#######.# ##
#.# ... #.# #.#
#.# #. #.# #.# #.
#.# #.# ####.##.#
#.#


You could see a hornet.

Vanquished Creatures
  Terence (D:3)
  5 adders (D:2)
  2 gnolls (D:4)
  2 worms (D:3)
  A dart slug (D:1)
  2 orcs (D:3)
  4 bats
  4 endoplasms
  3 giant cockroaches
  14 hobgoblins
  10 jackals
  5 kobolds
  6 quokkas
  4 ball pythons
  2 frilled lizards (D:1)
  9 goblins
  11 rats
85 creatures vanquished.

Notes
Turn   | Place    | Note
-------+----------+-------------------------------------------
     0 | D:1      | wakim the Palentonga Fighter began the quest for the Orb.
     0 | D:1      | Reached XP level 1. HP: 19/19 MP: 1/1
   150 | D:1      | Found a faded altar of an unknown god.
   184 | D:1      | Reached XP level 2. HP: 25/25 MP: 2/2
   790 | D:2      | Reached XP level 3. HP: 25/31 MP: 3/3
  1264 | D:2      | Reached XP level 4. HP: 38/38 MP: 4/4
  1390 | D:2      | !bestwep
  2044 | D:3      | Reached skill level 4 in Fighting
  2436 | D:3      | Found Vaegyij's Weapon Boutique.
  2439 | D:3      | Bought a +0 hand crossbow of flaming for 99 gold pieces
  2563 | D:3      | Found Guesaolast's Book Emporium.
  2571 | D:3      | Found Silluaci's Antique Armour Shop.
  2788 | D:3      | Noticed Terence
  2794 | D:3      | Killed Terence
  2795 | D:3      | Reached XP level 5. HP: 44/44 MP: 5/5
  3642 | D:4      | Noticed a hornet
  3649 | D:4      | Paralysed by a hornet for 3 turns
  3651 | D:4      | Mangled by a hornet

Illustrated notes

#.# .# ##..†..## #.##.# #..#)#..#
##..#.# ###.##)##.### ....#.#
##...#...#...## ....#.#
#..####'####..# ......# #.## ...
##.# ......## #.# ... #.#
####...##########.## #...# ##.#
.....>..........@..####'####..#
#...##†###.#######...#...#...####
....##<# ###.## ##.......
....##.# #..###..#.#### ....##.#
##.....##.# ..####.# ####.....#
### #.# #.....# ### ......#
######.#


Turn 1390 on D:2: !bestwep

Levels and vault maps discovered:
D:1:      psy_arrival_terrarium, layout_loops_ring,
          hellmonk_ecumenical_altar_crossroads
D:2:      cheibrodos_greedy_goblins, layout_basic
D:3:      layout_basic, serial_shops, shop_statue, nicolae_shop_stone, shop,
          uniq_terence
D:4:      layout_basic, serial_shops, shop

Skill      XL: |  1  2  3  4 |
---------------+-------------+-----
Maces & Flails | 3 |  3.8
Shields        | 3 |  3.0
Fighting       | 4 |  4.4
Armour         | |  2.5
Dodging        | |  0.5
Evocations     | |  0.3

Action                   |  1- 3 |  4- 6 || total
-------------------------+-------+-------++-------
Melee: Flail             |   108 |   111 ||   219
       Tailslap          |    11 |     7 ||    18
 Fire: Hand crossbow     |       |    36 ||    36
 Abil: Rolling Charge    |    25 |    24 ||    49
  Use: Scroll            |     1 |     6 ||     7
       Potion            |       |     1 ||     1
Armor: Scale mail        |    61 |    48 ||   109
Dodge: Dodged            |    36 |    33 ||    69
Block: Buckler           |    20 |    27 ||    47

Table legend: (Time is in decaauts)
 A = Elapsed time spent in this place.
 B = Non-inter-level travel time spent in this place.
 C = Inter-level travel time spent in this place.
 D = Time resting spent in this place.
 E = Time spent auto-exploring this place.
 F = Levels seen in this place.
 G = Mean time per level.
                   A        B        C        D        E       F      G
               +--------+--------+--------+--------+--------+-----+--------+
         Total |   3731 |   3546 |    185 |      0 |   2883 |   4 |  932.8 |
       Dungeon |   3731 |   3546 |    185 |      0 |   2883 |   4 |  932.8 |
               +--------+--------+--------+--------+--------+-----+--------+

Top non-repeatable levels by time:
     D:2: 1202 daAuts
     D:3: 1098 daAuts
     D:1: 790 daAuts
     D:4: 639 daAuts
